 Dungeon Sprint DCSS version 0.26-a0-958-gf3041fb45f (webtiles) character file.

Game seed: 10542954946826414581

2753 iamoutofideas the Eclecticist (level 9, -14/45 HPs)
             Began as a Deep Elf Fire Elementalist on Dec 2, 2020.
             Was a Priest of Vehumet.
             Killed themself with a badly aimed fireball (30 damage)
             ... in the Dungeon (Sprint III: "The Ten Rune Challenge").
             The game lasted 00:06:13 (1634 turns).

iamoutofideas the Eclecticist (DEFE)                Turns: 1634, Time: 00:06:14

Health: -14/45     AC:  2    Str:  5    XL:     9   Next: 41%
Magic:  13/30      EV: 13    Int: 24    God:    Vehumet [***...]
Gold:   42         SH:  0    Dex: 15    Spells: 22/39 levels left

rFire    . . .     SeeInvis .   o - +0 dagger
rCold    . . .     Faith    .   (no shield)
rNeg     . . .     Spirit   .   a - +0 robe
rPois    .         Reflect  .   (no helmet)
rElec    .         Harm     .   (no cloak)
rCorr    .         Rampage  .   (no gloves)
MR       .....     NoTele   +   (no boots)
Stlth    ++........             (no amulet)
HPRegen  0.15/turn              (no ring)
MPRegen  0.22/turn              (no ring)

@: no status effects
A: no striking features
a: Renounce Religion


You were in the Dungeon.
You worshipped Vehumet.
Vehumet was most pleased with you.
You visited 1 branch You collected 42 gold pieces.

Inventory:

Hand Weapons
 o - a +0 dagger (weapon)
Armour
 a - a +0 robe (worn)
Scrolls
 h - a scroll of blinking
 i - a scroll of holy word {unknown}
 j - 3 scrolls of identify
 k - 3 scrolls of remove curse
 m - a scroll of immolation {unknown}
Potions
 b - 2 potions of mutation {unknown}
 c - 2 potions of curing
 e - a potion of haste
 f - 2 potions of magic
 g - 3 potions of berserk rage
 l - a potion of flight {unknown}
 n - a potion of attraction {unknown}
Miscellaneous
 p - a condenser vane


   Skills:
 - Level 2.8 Dodging
 - Level 2.7 Stealth
 + Level 15.7 Spellcasting
 + Level 13.3 Conjurations
 + Level 13.9 Fire Magic


You had 22 spell levels left.
You knew the following spells:

 Your Spells              Type           Power        Failure   Level
a - Foxfire               Conj/Fire      ####         0%          1
b - Conjure Flame         Conj/Fire      ######..     1%          3
c - Sticky Flame          Conj/Fire      ######..     1%          4
d - Fireball              Conj/Fire      ######....   1%          5
e - Petrify               Tmut/Erth      ###.....     28%         4

Your spell library contained the following spells:

 Spells                   Type           Power        Failure   Level
 Static Discharge         Conj/Air       ######..     1%          3
 Inner Flame              Hex/Fire       ######..     1%          3
 Animate Skeleton         Necr           ###...       3%          1
 Apportation              Tloc           ###...       3%          1
 Corona                   Hex            ###....      3%          1
 Summon Small Mammal      Summ           ###.         3%          1
 Confusing Touch          Hex            ###.....     9%          3
 Gell's Gravitas          Tloc           ###.......   9%          3
 Yara's Violent Unravell  Hex/Tmut       ###.......   21%         5
 Metabolic Englaciation   Hex/Ice        ###.......   63%         5


Dungeon Overview and Level Annotations

Branches:
Dungeon (1/1)

Altars:
Cheibriados
Dithmenos
Elyvilon
Fedhas
Gozag
Hepliaklqana
Kikubaaqudgha
Makhleb
Nemelex Xobeh
Okawaru
Qazlal
Ru
Sif Muna
Trog
Uskayaw
Vehumet
Wu Jian
Xom
Yredelemnul
Zin
The Shining One
Beogh
Jiyva
Lugonu


Message History

The sticky flame hits something.
The unseen horror is covered in liquid flames!
An unseen horror comes into view.
The unseen horror burns!
The unseen horror misses you. Something hits you! The unseen horror hits you!
The unseen horror burns!
The unseen horror misses you. The unseen horror hits you!
* * * LOW HITPOINT WARNING * * *
You feel much better.
The unseen horror burns!
The unseen horror closely misses you. Something hits you! Something hits you!
Casting: Sticky Flame (safe; 1% risk of failure)
Confirm with . or Enter, or press ? or * to list all spells.
Aiming: Fireball (safe; 1% risk of failure)
Press: ? - help, Shift-Dir - straight line, f - unseen horror
Aim: an unseen horror (heavily wounded, slightly transparent, covered in liquid flames)
The fireball explodes!
The fireball engulfs something!!
The fireball engulfs you!!
Ouch! That really hurt!
You die...

# # # # # #
#+#####################
#..§§≈'.#.(...'.#.#.#.+
#.#§§§#.#.#...##@#.#.##
'.#§§.#.#.#)).#.#.#.#.#
#.#..§#...#.).##.#x#.##
▓▓▓▓▓▓▓▓▓▓▓▓▓▓#.#.#.#.#
##.#.#.# +.#.#.#.#
##.#.# ## #+##


You could see an unseen horror (invisible, burning).

Vanquished Creatures
  Snorg (D)
  A centaur warrior (D)
  A deep elf mage (D)
  A shadow (D)
  A spatial vortex (D)
  A necrophage (D)
  2 centaurs (D)
  A water elemental (D)
  A jelly (D)
  Jessica (D)
  A wizard (D)
  A necromancer (D)
  3 humans (D)
  A kobold demonologist (D)
  An ooze (D)
  A phantom (D)
  2 rats (D)
21 creatures vanquished.

Vanquished Creatures (others)
  79 foxfires (D)
  4 plants (D)
83 creatures vanquished.

Grand Total: 104 creatures vanquished

Notes
Turn   | Place    | Note
-------+----------+-------------------------------------------
     0 | D        | iamoutofideas the Deep Elf Fire Elementalist began the
                  | quest for the Orb.
     0 | D        | Reached XP level 1. HP: 10/10 MP: 6/6
    72 | D        | Noticed Jessica
    79 | D        | Killed Jessica
    80 | D        | Reached skill level 5 in Spellcasting
    80 | D        | Reached skill level 5 in Fire Magic
    80 | D        | Reached XP level 2. HP: 9/15 MP: 5/10
    80 | D        | Reached XP level 3. HP: 12/19 MP: 5/11
   295 | D        | Reached skill level 6 in Spellcasting
   363 | D        | Learned a level 3 spell: Conjure Flame
   369 | D        | Noticed a water elemental
   381 | D        | Killed a water elemental
   382 | D        | Reached skill level 7 in Spellcasting
   382 | D        | Reached skill level 5 in Conjurations
   382 | D        | Reached XP level 4. HP: 8/24 MP: 8/15
   594 | D        | Learned a level 4 spell: Sticky Flame
   604 | D        | Found a basalt altar of Yredelemnul.
   604 | D        | Found a shadowy altar of Dithmenos.
   604 | D        | Found a sacrificial altar of Ru.
   604 | D        | Noticed a necrophage
   611 | D        | Reached XP level 5. HP: 13/28 MP: 9/17
   616 | D        | Killed a necrophage
   617 | D        | Reached skill level 9 in Spellcasting
   796 | D        | Learned a level 5 spell: Fireball
   796 | D        | Found a radiant altar of Vehumet.
   796 | D        | Found a shimmering blue altar of Sif Muna.
   796 | D        | Found an ancient bone altar of Kikubaaqudgha.
   798 | D        | Reached XP level 6. HP: 32/32 MP: 13/20
   809 | D        | Became a worshipper of Vehumet
   815 | D        | Learned a level 4 spell: Petrify
   841 | D        | Found a glowing silver altar of Zin.
   841 | D        | Found a glowing golden altar of the Shining One.
   841 | D        | Found a white marble altar of Elyvilon.
   843 | D        | Noticed a deep elf mage
   844 | D        | Killed a deep elf mage
   845 | D        | Reached skill level 11 in Spellcasting
   845 | D        | Reached skill level 10 in Fire Magic
   845 | D        | Reached XP level 7. HP: 36/36 MP: 5/24
   944 | D        | Found a hide-covered altar of Uskayaw.
   944 | D        | Found a roughly hewn altar of Beogh.
   944 | D        | Found an iron altar of Okawaru.
   944 | D        | Found a bloodstained altar of Trog.
   944 | D        | Found an ornate altar of the Wu Jian Council.
   944 | D        | Noticed a human
   946 | D        | Killed a human
   947 | D        | Reached skill level 12 in Spellcasting
   947 | D        | Reached skill level 10 in Conjurations
   948 | D        | Killed a human
   948 | D        | Reached * piety under Vehumet
   948 | D        | Offered knowledge of Magic Dart by Vehumet.
  1034 | D        | Noticed a shadow
  1040 | D        | Killed a shadow
  1041 | D        | Reached skill level 13 in Spellcasting
  1041 | D        | Reached XP level 8. HP: 11/41 MP: 8/27
  1270 | D        | Found a blossoming altar of Fedhas.
  1270 | D        | Found a stormy altar of Qazlal.
  1270 | D        | Found a snail-covered altar of Cheibriados.
  1270 | D        | Found a burning altar of Makhleb.
  1270 | D        | Found a shimmering altar of Xom.
  1271 | D        | Found a hazy altar of Hepliaklqana.
  1271 | D        | Found an opulent altar of Gozag.
  1271 | D        | Found a sparkling altar of Nemelex Xobeh.
  1271 | D        | Found a corrupted altar of Lugonu.
  1271 | D        | Found a viscous altar of Jiyva.
  1285 | D        | Reached ** piety under Vehumet
  1285 | D        | Offered knowledge of Freeze by Vehumet.
  1367 | D        | Noticed Snorg
  1370 | D        | Killed Snorg
  1371 | D        | Reached skill level 14 in Spellcasting
  1371 | D        | Reached XP level 9. HP: 29/45 MP: 7/29
  1533 | D        | Noticed a centaur warrior
  1535 | D        | Killed a centaur warrior
  1535 | D        | Offered knowledge of Static Discharge by Vehumet.
  1535 | D        | Reached *** piety under Vehumet
  1536 | D        | Reached skill level 15 in Spellcasting
  1630 | D        | Noticed an unseen horror
  1634 | D        | Killed themself with a badly aimed fireball

Illustrated notes

Levels and vault maps discovered:
D:        dungeon_sprint_mu [sprint_mu_entry_forest, sprint_mu_temple_rooms,
          sprint_mu_d1_horrors, sprint_mu_d2_genie, sprint_mu_d3_branching,
          sprint_mu_orc_legion, sprint_mu_elf_gauntlet, sprint_mu_hive_nellie,
          sprint_mu_lair_fedhas, sprint_mu_vaults_butterflies,
          sprint_mu_slime_circle, sprint_mu_swamp_cave, sprint_mu_shoals_archi,
          sprint_mu_blade_basic, sprint_mu_crypt_chambers,
          sprint_mu_tomb_spiral, sprint_mu_vestibule_basic,
          sprint_mu_gehenna_hellfire, sprint_mu_dis_giant,
          sprint_mu_tartarus_statrot, sprint_mu_cocytus_islands, sprint_mu_zot1]

Skill      XL: |  1  2  3  4  5  6  7  8  9 |
---------------+----------------------------+-----
Fire Magic     | 5 7 8 10 11 13 | 13.9
Spellcasting   | 5 7 9 11 13 14 15 | 15.7
Conjurations   | 3 5 7 9 11 12 13 | 13.3
Dodging        | |  2.8
Stealth        | |  2.7

Action                   |  1- 3 |  4- 6 |  7- 9 || total
-------------------------+-------+-------+-------++-------
Melee: Unarmed           |     1 |       |       ||     1
       Dagger            |       |       |     2 ||     2
 Cast: Foxfire           |    29 |     2 |    16 ||    47
       Sticky Flame      |       |     2 |     6 ||     8
       Fireball          |       |     4 |    10 ||    14
       Conjure Flame     |       |       |     1 ||     1
  Use: Potion            |       |       |     2 ||     2
 Stab: Sleeping          |       |       |     1 ||     1
Armor: Robe              |       |     2 |     1 ||     3
Dodge: Dodged            |     6 |     1 |     9 ||    16

Table legend: (Time is in decaauts)
 A = Elapsed time spent in this place.
 B = Non-inter-level travel time spent in this place.
 C = Inter-level travel time spent in this place.
 D = Time resting spent in this place.
 E = Time spent auto-exploring this place.
 F = Levels seen in this place.
 G = Mean time per level.
                   A        B        C        D        E       F      G
               +--------+--------+--------+--------+--------+-----+--------+
         Total |   1641 |   1613 |     28 |   1231 |      0 |   1 | 1641.0 |
       Dungeon |   1641 |   1613 |     28 |   1231 |      0 |   1 | 1641.0 |
               +--------+--------+--------+--------+--------+-----+--------+

Top non-repeatable levels by time:
       D: 1641 daAuts
